 Dungeon Crawl Stone Soup version 0.30.0-13-g156ef70053 (webtiles) character file.

Game seed: 10906177715298078416

254 chunkyMonkey the Trooper (level 6, 0/32 HPs)
             Began as a Vine Stalker Fighter on May 17, 2023.
             Slain by a gnoll sergeant
             ... wielding a +0 trident of freezing
              (4 damage)
             ... on level 4 of the Dungeon.
             The game lasted 00:04:42 (2692 turns).

chunkyMonkey the Trooper (Vine Stalker Fighter)     Turns: 2692, Time: 00:04:43

Health: 0/32       AC:  9    Str: 21    XL:     6   Next: 14%
Magic:  0/10       EV:  8    Int:  8    God:
Gold:   1347       SH:  4    Dex: 13    Spells: 10/10 levels left

rFire   . . .        a - +0 war axe
rCold   . . .        c - +0 buckler
rNeg    + . .        o - +0 chain mail
rPois   .            (no helmet)
rElec   .            q - scarf {shadows}
rCorr   .            (no gloves)
SInv    .            (no boots)
Will    .....        (no amulet) Stlth
                     l - ring of positive energy
HPRegen 1.05/turn    (no ring)
MPRegen 0.12/turn

%: guardian spirit
@: no status effects
A: fangs 2, regeneration 1, magic shield, antimagic bite, no potion heal 2
a: no special abilities


You were on level 4 of the Dungeon.
You visited 1 branch of the dungeon, and saw 4 of its levels.

You collected 1347 gold pieces.

Inventory:

Hand Weapons
 a - a +0 war axe (weapon)
 e - a +2 rapier of venom
Armour
 c - a +0 buckler (worn)
 o - a +0 chain mail (worn)
 q - a scarf of shadows (worn)
Jewellery
 l - a ring of positive energy (left hand)
Scrolls
 n - a scroll of teleportation {unknown}
 p - a scroll of torment {unknown}
Potions
 b - 2 potions of curing {unknown}
 d - 2 potions of might
 g - 3 potions of haste {unknown}
 i - a potion of degeneration {unknown}
 j - a potion of resistance {unknown}
 k - 3 potions of mutation {unknown}
 m - 2 potions of flight {unknown}


   Skills:
 * Level 3.6 Fighting
 * Level 3.0 Axes
 + Level 3.0 Armour
 + Level 1.2 Dodging
 + Level 3.2 Shields
 * Level 2.5 Spellcasting


You had 10 spell levels left.
You didn't know any spells.
Your spell library contained the following spells:

 Spells                   Type           Power      Damage    Failure   Level
 Summon Small Mammal      Summ           4%         N/A       97%         1
 Cigotuvi's Dreadful Rot  Necr/Pois/Air  2%         N/A       99%         2
 Ensorcelled Hibernation  Hex/Ice        2%         N/A       99%         2
 Passwall                 Tmut/Erth      0%         N/A       99%         2
 Call Canine Familiar     Summ           1%         N/A       100%        3
 Ignite Poison            Fire/Tmut/Pois 1%         N/A       100%        3
 Inner Flame              Hex/Fire       1%         N/A       100%        3
 Summon Guardian Golem    Hex/Summ       1%         N/A       100%        3
 Swiftness                Air            1%         N/A       100%        3
 Dispel Undead            Necr           1%         3d6       100%        4
 Freezing Cloud           Conj/Ice/Air   0%         6-21      100%        5
 Yara's Violent Unravell  Hex/Tmut       0%         3d3       100%        5
 Death Channel            Necr           0%         N/A       100%        6
 Enfeeble                 Hex            0%         N/A       100%        7


Dungeon Overview and Level Annotations

Branches:
Dungeon (4/15)
 Temple: D:4-7

Altars:
Fedhas
Wu Jian

Shops:
D:1 *

Annotations:
D:3 exclusion: oklob plant


Innate Abilities, Weirdness & Mutations

You have extremely sharp teeth.
Your natural rate of healing is unusually fast.
When hurt, damage is shared between your health and your magic reserves.
Your bite disrupts and absorbs the magic of your enemies.
Potions cannot restore your health.


Message History

The gnoll completely misses you. You block the gnoll's attack.
You slash the gnoll!
You kill the gnoll!
Things that are here:
a +0 spear; a gnoll corpse
There is a stone staircase leading down here.
You climb downwards.
You hear the sound of rushing water.
There is an entrance to a sewer on this level.
Hurry and find it before the portal rusts away!
You hear the slow rusting of a very distant drain.
There is a stone staircase leading up, spattered with blood here.
The gnoll sergeant hits you but does no damage.
The gnoll sergeant hits you with a +0 trident of freezing.
The gnoll sergeant freezes you.
You completely miss the gnoll sergeant. Your bite misses the gnoll sergeant.
The gnoll sergeant is lightly wounded.
The gnoll sergeant hits you with a +0 trident of freezing!
The gnoll sergeant freezes you. The gnoll sergeant closely misses you.
You hit the gnoll sergeant. Your bite misses the gnoll sergeant.
The gnoll sergeant is moderately wounded.
You block the gnoll sergeant's attack.
You hit the gnoll sergeant but do no damage.
The gnoll sergeant is moderately wounded.
The gnoll sergeant hits you with a +0 trident of freezing.
The gnoll sergeant freezes you.
The gnoll sergeant hits you with a +0 trident of freezing!
The gnoll sergeant freezes you.
You hit the gnoll sergeant.
You bite the gnoll sergeant, but do no damage.
The gnoll sergeant is heavily wounded.
The gnoll sergeant hits you with a +0 trident of freezing!
* * * LOW HITPOINT WARNING * * *
The gnoll sergeant freezes you.
The gnoll sergeant hits you from afar with a +0 trident of freezing.
* * * LOW HITPOINT WARNING * * *
The gnoll sergeant freezes you.
* * * LOW HITPOINT WARNING * * *
There is a stone staircase leading up, spattered with blood here.
The gnoll sergeant hits you from afar with a +0 trident of freezing.
You die...

*,* #...PPPP..# *,*, *,*
#...P..PP.#** *,*, *,*
#.P.....P..,** **,*, *,*
###.PP.)..P[#,,****,,,, *,*
#.....P.....#*,,,,,,*,,
**,***#.#......P..#**,***,,,*
*,,,,,......g..P..# *,* **,**
*,,***####.......##**,* *,,, **
*,,* ##.@).....,,,* **** ,****,,*
#.#######**** ,,,,,,,* #.*
,***,,,* #.* *************
,,,,,,,* #.* *,,,,,,,,,,,,
,,,,,,********#.*****,***********
***,,,,,,,,,,,..,,,,,,,,,,,,,,,,,
*,,,***************************
*****


You could see a gnoll sergeant.

Vanquished Creatures
  2 orc priests (D:3)
  Natasha (thrice) (D:3)
  2 adders (D:2)
  3 gnolls
  A worm (D:2)
  3 dart slugs
  3 orcs (D:3)
  5 endoplasms
  4 giant cockroaches
  4 hobgoblins
  4 kobolds
  2 quokkas (D:1)
  8 ball pythons
  5 bats
  5 frilled lizards
  9 goblins
  4 rats
67 creatures vanquished.

Notes
Turn   | Place    | Note
-------+----------+-------------------------------------------
     0 | D:1      | chunkyMonkey the Vine Stalker Fighter began the quest for
                  | the Orb.
     0 | D:1      | Reached XP level 1. HP: 11/11 MP: 2/2
   104 | D:1      | Reached XP level 2. HP: 11/16 MP: 3/3
   162 | D:1      | Found Hufok's General Store.
   314 | D:1      | Reached skill level 1 in Spellcasting
   405 | D:1      | Reached XP level 3. HP: 19/19 MP: 5/5
   913 | D:2      | Gained mutation: Your natural rate of healing is unusually
                  | fast. [Vine Stalker growth]
   913 | D:2      | Reached XP level 4. HP: 24/24 MP: 4/7
  1305 | D:2      | Identified a scroll of acquirement
  1308 | D:2      | Acquired 1198 gold pieces
  1340 | D:3      | Noticed Natasha
  1344 | D:3      | Killed Natasha
  1496 | D:3      | Noticed Natasha
  1501 | D:3      | Killed Natasha
  1502 | D:3      | Reached XP level 5. HP: 28/28 MP: 8/8
  1832 | D:3      | Found an ornate altar of the Wu Jian Council.
  1846 | D:3      | Reached skill level 1 in Dodging
  1903 | D:3      | Noticed Natasha
  1915 | D:3      | Killed Natasha
  2103 | D:3      | Reached XP level 6. HP: 32/32 MP: 10/10
  2202 | D:3      | Found a blossoming altar of Fedhas.
  2222 | D:3      | Noticed an oklob plant
  2692 | D:4      | Slain by a gnoll sergeant

Illustrated notes

Levels and vault maps discovered:
D:1:      amcnicky_arrival_flooded_fountain, layout_basic, serial_shops, shop
D:2:      layout_rooms, minmay_quadrilaterals
D:3:      layout_basic, tgw_fedhas, nicolae_wu_jian_wuxing_cycle,
          feat_on_display, uniq_natasha
D:4:      minmay_razor_zed, layout_loops_ring, mainiacjoe_overflow_alcove_4,
          portal_sewer_entry_e, minmay_misc_feat_roman, nicolae_grassy_gnolls,
          uniq_duvessa

Skill      XL: |  1  2  3  4  5  6 |
---------------+-------------------+-----
Axes           | 2 3 |  3.0
Spellcasting   | 1 2 |  2.5
Fighting       | 3 |  3.6
Shields        | 3 |  3.2
Dodging        | 1 |  1.2
Armour         | 3 |  3.0

Action                     |  1- 3 |  4- 6 || total
---------------------------+-------+-------++-------
  Melee: War axe           |    94 |    88 ||   182
         Bite              |    15 |    14 ||    29
    Use: Scroll            |       |     5 ||     5
 Armour: Scale mail        |    37 |       ||    37
         Chain mail        |       |    52 ||    52
  Dodge: Dodged            |    48 |    37 ||    85
  Block: Buckler           |    22 |    24 ||    46
